 Dungeon Crawl Stone Soup version 0.15.2 (webtiles) character file.

112 RiddleOfTheSphinx the Insei (level 4, -2/35 HPs)
             Began as a Mummy Monk on Dec 9, 2015.
             Slain by a gnoll (5 damage)
             ... on Level 2 of the Dungeon.
             The game lasted 00:06:53 (3754 turns).

RiddleOfTheSphinx the Insei (Mummy Monk)            Turns: 3754, Time: 00:06:54

HP  -2/35        AC  0     Str 14      XL: 4   Next: 64%
MP   4/4         EV 13     Int  9      God:
Gold 74          SH  0     Dex 15      Spells:  0 memorised,  3 levels left

rFire  x . .     SeeInvis .       - Unarmed
rCold  + . .     Clarity  .     (no armour)
rNeg   + + +     rCorr    .     (no shield)
rPois  +         rRot     +     (no helmet)
rElec  .         Spirit   .     (no cloak)
SustAb .         Warding  .     (no gloves)
rMut   .         Stasis   .     (no boots)
Gourm  .                        (no amulet)
MR     .....                    (no ring)
                                (no ring)

@: not resistant to hostile enchantments, unstealthy
A: no food or potions, fire vulnerability, restore body, cold resistance 1,
negative energy resistance 3, poison resistance, torment resistance, unbreathing
a: no special abilities


You were on level 2 of the Dungeon.
You were not hungry.

You visited 1 branch of the dungeon, and saw 3 of its levels.

You collected 74 gold pieces.

Inventory:

Magical devices
 e - a wand of polymorph (20)
Comestibles
 a - a beef jerky
 f - a slice of pizza
 g - a bread ration
 h - a royal jelly
Scrolls
 b - a scroll of recharging
 c - a scroll of remove curse {unknown}
 d - a scroll of identify {unknown}


   Skills:
 - Level 3.0 Fighting
 - Level 2.4 Dodging
 - Level 1.5 Stealth
 + Level 5.0 Unarmed Combat


You had 3 spell levels left.
You didn't know any spells.

Dungeon Overview and Level Annotations

Branches:
Dungeon (3/15)

Altars:
Zin


Innate Abilities, Weirdness & Mutations

You do not eat or drink.
Your flesh is vulnerable to fire.
Your flesh is cold resistant.
You are immune to negative energy.
Your system is resistant to poisons.
You are immune to unholy pain and torment.
You can survive without breathing.


Message History

Zapping:
e - a worn gold wand {recharged}
Press: ? - help, Shift-Dir - straight line, f - giant gecko
Aim: a giant gecko (moderately wounded, clinging)
The giant gecko resists with significant effort.
e - a wand of polymorph {zapped: 1} The giant gecko barely misses you.
Evoke which item? (* to show all) (? for menu, Esc to quit)
Zapping:
e - a wand of polymorph {zapped: 1}
Press: ? - help, Shift-Dir - straight line, f/p - giant gecko
Aim: a giant gecko (moderately wounded, clinging)
The jackal falls off the wall.
The giant gecko evaporates and reforms as a jackal!
The jackal barely misses you.
Evoke which item? (* to show all) (? for menu, Esc to quit)
Zapping:
e - a wand of polymorph {zapped: 2}
Press: ? - help, Shift-Dir - straight line, f/p - jackal
Aim: a jackal (lightly wounded)
The jackal evaporates and reforms as a gnoll!
The gnoll hits you.
You die...

.# #...# ##.......## ##.#.#
.####...####.........####....#
..........%+.........+.......#
.####...####.........####....#
.# ##..# ##.......## ##.#.# ##
##.# ##.....## ###.# #.#
##...## #...# ##.# ##g## #.###
#..# #@# #.# #.## #.# #.# #.#
##.#########.# #.#
##............# #.#
#..)..#########
#.#######.###.# #.........#
#.# #########.###.# #.....#


You could see a gnoll.

Vanquished Creatures
  4 adders
  A worm (D:2)
  2 giant geckos (D:1)
  An ooze (D:2)
  3 orcs (D:3)
  A ball python (D:1)
  9 bats
  3 giant cockroaches
  9 goblins
  9 hobgoblins
  6 kobolds
  A quokka (D:2)
  2 giant newts (D:2)
  2 jackals (D:2)
  7 rats
60 creatures vanquished.

Notes
Turn   | Place    | Note
--------------------------------------------------------------
     0 | D:1      | RiddleOfTheSphinx, the Mummy Monk, began the quest for the Orb.
     0 | D:1      | Reached XP level 1. HP: 18/18 MP: 1/1
   356 | D:1      | Reached XP level 2. HP: 12/24 MP: 2/2
   857 | D:1      | Reached skill level 4 in Unarmed Combat
  1162 | D:1      | Reached XP level 3. HP: 29/29 MP: 3/3
  2143 | D:2      | Reached XP level 4. HP: 31/35 MP: 4/4
  2153 | D:2      | Found a glowing silver altar of Zin.
  2153 | D:2      | Noticed an angel
  3523 | D:3      | Reached skill level 5 in Unarmed Combat
  3754 | D:2      | Slain by a gnoll

Action                   |  1- 3 |  4- 6 || total
-------------------------+-------+-------++-------
Melee: Unarmed           |   142 |   143 ||   285
Evoke: Wand              |       |     3 ||     3
  Use: Scroll            |       |     1 ||     1
 Stab: Sleeping          |     2 |       ||     2
